 Dungeon Crawl Stone Soup version 0.31-a0-833-gc15d34cb79 (webtiles) character file.

Game seed: 6210292630065335945

539 Kurtz the Chopper (level 7, -1/46 HPs)
             Began as an Octopode Fighter on Sept 25, 2023.
             Was a Follower of Qazlal.
             Splashed by a jelly's acid (5 damage)
             ... on level 4 of the Dungeon.
             The game lasted 00:02:29 (3574 turns).

Kurtz the Chopper (Octopode Fighter)                Turns: 3574, Time: 00:02:29

Health: -1/46      AC: -11   Str: 14 (17) XL:     7   Next: 26%
Magic:  7/7        EV: 13    Int:  9 (10) God:    Qazlal [*.....]
Gold:   157        SH:  6    Dex: 10 (12) Spells: 6/6 levels left

rFire   . . .        a - +0 war axe
rCold   . . .        b - +0 buckler
rNeg    . . .        (helmet restricted)
rPois   .            (no amulet)
rElec   .            (no ring)
rCorr   .            (no ring)
SInv    .            (no ring)
Will    .....        (no ring)
Stlth   ++           (no ring)
HPRegen 0.27/turn    (no ring)
MPRegen 0.10/turn    (no ring)
                     (no ring)

%: clarity
@: corroded
A: almost no armour, amphibious, 8 rings, camouflage 1, gelatinous body 1,
(nimble swimmer 1), tentacles, tentacle spike 1, clarity, screaming 1
a: Renounce Religion


You were on level 4 of the Dungeon.
You worshipped Qazlal.
Qazlal was aware of your devotion.
You visited 1 branch of the dungeon, and saw 4 of its levels.

You collected 157 gold pieces.

Inventory:

Hand Weapons
 a - a +0 war axe (weapon)
Armour
 b - a +0 buckler (worn)
Jewellery
 j - a ring of protection from fire
 l - an amulet of reflection
Scrolls
 e - a scroll of revelation {unknown}
 g - 3 scrolls of identify {unknown}
 i - 5 scrolls of teleportation {unknown}
 m - a scroll of blinking {unknown}
 n - a scroll of summoning {unknown}
 r - a scroll of fear {unknown}
Potions
 c - 3 potions of might
 f - a potion of degeneration
 h - 3 potions of heal wounds {unknown}
 k - 2 potions of magic {unknown}
 o - a potion of attraction {unknown}
 p - a potion of ambrosia {unknown}
 q - 2 potions of curing {unknown}


   Skills:
 - Level 3.0 Fighting
 * Level 7.6 Axes
 - Level 3.0 Dodging
 - Level 3.0 Shields
 * Level 1.0 Invocations


You had 6 spell levels left.
You didn't know any spells.
Your spell library contained the following spells:

 Spells                   Type           Power      Damage    Failure   Level
 Shock                    Conj/Air       0%         1d3       47%         1
 Blink                    Tloc           0%         N/A       63%         2
 Ensorcelled Hibernation  Hex/Ice        0%         N/A       63%         2
 Lesser Beckoning         Tloc           0%         N/A       63%         2
 Momentum Strike          Conj/Tloc      0%         3d8       63%         2
 Swiftness                Air            0%         N/A       85%         3
 Airstrike                Air            0%         2d(0-16)  99%         4
 Dimensional Bullseye     Hex/Tloc       0%         N/A       99%         4
 Conjure Ball Lightning   Conj/Air       0%         3x3d6     100%        6
 Discord                  Hex            0%         N/A       100%        8
 Disjunction              Tloc           0%         N/A       100%        8


Dungeon Overview and Level Annotations

Branches:
Dungeon (4/15)
 Temple: D:4-7

Altars:
Qazlal


Innate Abilities, Weirdness & Mutations

You cannot wear most types of armour.
You are amphibious.
You can wear up to eight rings at the same time.
Your skin changes colour to match your surroundings (Stealth+).
Your rubbery body absorbs attacks. (AC +1, EV +1)
((You are camouflaged when in or above water. (Stealth+)))
You have tentacles for arms and can constrict up to eight enemies at once.
One of your tentacles bears a spike.
You possess an exceptional clarity of mind.
You occasionally shout uncontrollably at your foes.


Message History

You kill the giant cockroach!
Qazlal accepts your kill.
No target in view!
You see here a giant cockroach corpse.
The jelly quivers.
Found a stone staircase leading down.
A jelly is nearby!
You block the jelly's attack.
A jelly is nearby!
You hit the jelly.
Your tentacles burn!
The jelly is moderately wounded.
The jelly barely misses you.
You completely miss the jelly.
The jelly is moderately wounded.
The jelly hits you. The acid corrodes you!
You are splashed with acid!
The jelly hits you.
You are splashed with acid!
You are too injured to fight recklessly!
A jelly is nearby!
You are too injured to fight recklessly!
You are too injured to fight recklessly!
Unknown command.
You hit the jelly but do no damage. The acid corrodes you!
Your tentacles burn!
The jelly is moderately wounded.
The jelly hits you.
* * * LOW HITPOINT WARNING * * *
The acid corrodes you!
You are splashed with acid!
* * * LOW HITPOINT WARNING * * *
Unknown command.
It was a potion of degeneration.
There was something very wrong with that liquid.
You feel weakened.
You feel dopey.
You feel clumsy. The jelly misses you.
It was a potion of mutation.
You feel extremely strange.
You feel the urge to shout.
One of your lower tentacles grows a sharp spike.
Your thoughts seem clearer.
The jelly barely misses you.
Unknown command.
You hit the jelly but do no damage.
Your tentacles burn!
You die...

....... ........##..........
.....$ . .........####..###..
...# . ...##.#..# ### ..#
#.#####.# ###..###.#... ..##
##..##.... ####.†......#
...###..#......##..#.#####..#
...##................#
.....#..# ##.....####
..#.....######..@.#
[.#.......#.#..J○....#
........................
........................
#.##...##.##.......>.###
###....#.............#
#..##...............
#####..##......###...
....##..#......


You could see a jelly.

Vanquished Creatures
  2 ogres (D:4)
  A jelly (D:4)
  2 orc priests (D:3)
  Terence (D:3)
  2 orc wizards (D:3)
  3 gnolls (D:3)
  8 adders
  5 dart slugs
  14 orcs
  5 ball pythons
  5 endoplasms
  4 giant cockroaches
  8 goblins
  7 hobgoblins
  4 jackals
  9 kobolds
  A quokka (D:1)
  4 bats
  2 frilled lizards
  4 rats
91 creatures vanquished.

Notes
Turn   | Place    | Note
-------+----------+-------------------------------------------
     0 | D:1      | Kurtz the Octopode Fighter began the quest for the Orb.
     0 | D:1      | Reached XP level 1. HP: 16/16 MP: 1/1
    28 | D:1      | Reached XP level 2. HP: 13/21 MP: 2/2
   146 | D:1      | Reached skill level 3 in Axes
   354 | D:1      | Reached XP level 3. HP: 22/26 MP: 3/3
   624 | D:2      | Reached skill level 4 in Axes
   667 | D:2      | Reached XP level 4. HP: 15/31 MP: 4/4
  1529 | D:3      | Noticed Terence
  1533 | D:3      | Killed Terence
  1617 | D:3      | Reached skill level 5 in Axes
  1617 | D:3      | Reached XP level 5. HP: 22/36 MP: 5/5
  1864 | D:3      | Identified the +5 plate armour of Eternity {+Inv rF+++
                  | Dex+3 Slay-3}
  2097 | D:3      | Found a faded altar of an unknown god.
  2189 | D:3      | Reached skill level 6 in Axes
  2189 | D:3      | Reached XP level 6. HP: 40/42 MP: 6/6
  3074 | D:3      | Prayed at the altar of an unknown god.
  3074 | D:3      | Became a worshipper of Qazlal Stormbringer
  3074 | D:3      | Reached * piety under Qazlal
  3134 | D:4      | Reached skill level 7 in Axes
  3306 | D:4      | Reached XP level 7. HP: 18/46 MP: 7/7
  3473 | D:4      | Reached skill level 1 in Invocations
  3539 | D:4      | Got a dusty book
  3573 | D:4      | Gained mutation: You occasionally shout uncontrollably at
                  | your foes. [potion of mutation]
  3573 | D:4      | Gained mutation: One of your tentacles bears a spike.
                  | [potion of mutation]
  3573 | D:4      | Gained mutation: You possess an exceptional clarity of
                  | mind. [potion of mutation]
  3574 | D:4      | Splashed by a jelly's acid

Illustrated notes

Levels and vault maps discovered:
D:1:      mrwooster_arrival_statue_3, layout_basic, serial_bayou_pond_b
D:2:      layout_loops_ring, hangedman_decor_points
D:3:      layout_loops_corners, hellmonk_ecumenical_altar_defaced_shrine,
          minmay_randomly_rotated_circles, uniq_terence
D:4:      layout_cave_pools, minmay_temple_entry_purple_smoke, st_stairs_13

Skill      XL: |  1  2  3  4  5  6  7 |
---------------+----------------------+-----
Axes           | 3 4 5 6 7 |  7.6
Invocations    | 1 |  1.0
Fighting       | |  3.0
Dodging        | |  3.0
Shields        | |  3.0

Action                     |  1- 3 |  4- 6 |  7- 9 || total
---------------------------+-------+-------+-------++-------
  Melee: War axe           |    60 |   101 |     9 ||   170
         Constrict         |    14 |    28 |     1 ||    43
         Tentacles         |    11 |    22 |     3 ||    36
         Punch             |     2 |       |       ||     2
    Use: Potion            |       |       |     2 ||     2
   Stab: Sleeping          |     6 |     3 |       ||     9
 Armour: Skin              |    33 |    36 |     5 ||    74
  Dodge: Dodged            |    31 |    65 |     6 ||   102
  Block: Buckler           |    15 |    16 |     1 ||    32

Table legend: (Time is in decaauts)
 A = Elapsed time spent in this place.
 B = Non-inter-level travel time spent in this place.
 C = Inter-level travel time spent in this place.
 D = Time resting spent in this place.
 E = Time spent auto-exploring this place.
 F = Levels seen in this place.
 G = Mean time per level.
                   A        B        C        D        E       F      G
               +--------+--------+--------+--------+--------+-----+--------+
         Total |   3625 |   3374 |    251 |    866 |   1956 |   4 |  906.2 |
       Dungeon |   3625 |   3374 |    251 |    866 |   1956 |   4 |  906.2 |
               +--------+--------+--------+--------+--------+-----+--------+

Top non-repeatable levels by time:
     D:3: 1741 daAuts
     D:2: 1041 daAuts
     D:1: 501 daAuts
     D:4: 341 daAuts
